 Dungeon Crawl Stone Soup version 0.27-a0-1185-ga233589e6f (webtiles) character file.

Game seed: 11744019854283310477

237 Delamore the Shield-Bearer (level 6, -12/40 HPs)
             Began as a Gargoyle Fighter on May 18, 2021.
             Mangled by an ogre
             ... wielding a +0 giant club
              (19 damage)
             ... on level 4 of the Dungeon.
             The game lasted 00:03:03 (2950 turns).

Delamore the Shield-Bearer (Gargoyle Fighter)       Turns: 2950, Time: 00:03:04

Health: -12/40     AC: 12    Str: 22    XL:     6   Next: 6%
Magic:  6/6        EV:  7    Int:  8    God:
Gold:   135        SH:  9    Dex:  9    Spells: 5/5 levels left

rFire    . . .     SeeInvis .   l - +3 mace
rCold    . . .     Faith    .   c - +0 kite shield
rNeg     + . .     Spirit   .   b - +0 scale mail
rPois    ∞         Reflect  .   (no helmet)
rElec    +         Harm     .   (no cloak)
rCorr    .         Rampage  .   q - +0 pair of gloves
Will     .....                  (no boots)
Stlth    ..........             (no amulet)
HPRegen  0.13/turn              (no ring)
MPRegen  0.10/turn              (no ring)

@: no status effects
A: sickness immunity, AC +4, negative energy resistance 1, electricity
resistance, torment resistance 1, petrification resistance
a: no special abilities


You were on level 4 of the Dungeon.
You visited 1 branch of the dungeon, and saw 4 of its levels.

You collected 185 gold pieces.
You spent 50 gold pieces at shops.

Inventory:

Hand Weapons
 a - a +0 flail
 l - a +3 mace (weapon)
Missiles
 j - 3 poisoned darts (quivered)
 m - 4 boomerangs
 n - 3 boomerangs of dispersal
 o - 7 javelins
Armour
 b - a +0 scale mail (worn)
 c - a +0 kite shield (worn)
 q - a +0 pair of gloves (worn)
Scrolls
 f - a scroll of amnesia
 g - a scroll of noise {unknown}
 i - a scroll of identify {unknown}
 p - a scroll of silence {unknown}
 s - a scroll of magic mapping {unknown}
Potions
 d - a potion of might
 e - 2 potions of invisibility {unknown}
 h - a potion of haste {unknown}
 k - 2 potions of heal wounds
 r - a potion of magic {unknown}


   Skills:
 + Level 4.8 Fighting
 + Level 3.6 Maces & Flails
 + Level 1.4 Throwing
 - Level 3.2 Armour
 + Level 4.8 Shields


You had 5 spell levels left.
You didn't know any spells.
Your spell library contained the following spells:

 Spells                   Type           Power      Damage    Failure   Level
 Animate Skeleton         Necr           0%         N/A       99%         1
 Pain                     Necr           0%         1d4       99%         1
 Vampiric Draining        Necr           0%         2d6       100%        3
 Animate Dead             Necr           0%         N/A       100%        4
 Agony                    Necr           0%         N/A       100%        5


Dungeon Overview and Level Annotations

Branches:
Dungeon (4/15)
 Temple: D:4-7

Altars:
Gozag
Kikubaaqudgha

Shops:
D:1 !

Portals:
Abyss: D:3

Annotations:
D:3 2 transporters, losten's ghost, amateur DsGl
D:4 3 runed translucent doors, Howlingfantods's ghost, amateur MiFi


Innate Abilities, Weirdness & Mutations

You are immune to sickness and miasma.
Your stone body is resilient. (AC +4)
You are immune to poison.
You resist negative energy. (rN+)
You are resistant to electric shocks. (rElec)
You are resistant to unholy torment.
You are immune to petrification.


Message History

Things that are here:
a +0 hand axe; an orc corpse Howlingfantods's ghost turns its malevolent gaze towards you.
The yak bellows!
Found 35 gold pieces.
Items here: )) [[ †.
j - 6 poisoned darts (gained 1)
Found a robe.
j - 7 poisoned darts (gained 1)
j - 8 poisoned darts (gained 1)
An ogre comes into view. It is wielding a +0 giant club.
The ogre shouts!
An ogre is nearby!
You throw a poisoned dart. The poisoned dart hits the ogre.
The ogre is poisoned.
You throw a poisoned dart. The poisoned dart hits the ogre.
The ogre looks even sicker.
You throw a poisoned dart.
The poisoned dart barely misses the ogre.
You throw a poisoned dart.
The poisoned dart closely misses the ogre.
You throw a poisoned dart.
The poisoned dart barely misses the ogre.
You hit the ogre.
The ogre is moderately wounded.
The ogre hits you with a +0 giant club!!
Ouch! That really hurt!
You barely miss the ogre.
The ogre is moderately wounded.
The ogre barely misses you.
The ogre looks more healthy.
You hit the ogre but do no damage.
The ogre is heavily wounded.
The ogre hits you with a +0 giant club.
You hit the ogre but do no damage.
The ogre is heavily wounded.
The ogre hits you with a +0 giant club!
* * * LOW HITPOINT WARNING * * *
The ogre hits you with a +0 giant club!!
You die...

...#...........#
..........#...#### #####
..(....####..##...# ##...##
.............#>.⌠.. #..⌠.<#
..#...###....##....##+##'...##
...........#..#####.....#####.
.........).###..##...⌠.........
(...........##.O##.....##.##(..
......).........@.#..### ...
......)...........#.## .##
.:.......#####.......# .#
.(#..##.## ##......... .
.(##....#ZZ #[...#.#.. ..
.(......+$WW ##..####.. .
...#..+._8Y∩ ##.# ..
....#..+....8 #.. ... .#$...o
..


You could see an ogre.

Vanquished Creatures
  A jelly (D:4)
  2 vampire bats (D:3)
  4 adders
  2 worms (D:2)
  A dart slug (D:3)
  5 orcs
  7 ball pythons
  2 bats
  2 bat skeletons (D:3)
  4 bat zombies (D:3)
  4 endoplasms
  3 giant cockroaches (D:1)
  4 goblins
  2 hobgoblins
  10 jackals
  7 kobolds
  3 quokkas
  A frilled lizard (D:2)
  2 rats
66 creatures vanquished.

Vanquished Creatures (others)
  A hobgoblin (D:4)
1 creature vanquished.

Grand Total: 67 creatures vanquished

Notes
Turn   | Place    | Note
-------+----------+-------------------------------------------
     0 | D:1      | Delamore the Gargoyle Fighter began the quest for the Orb.
     0 | D:1      | Reached XP level 1. HP: 14/14 MP: 1/1
   139 | D:1      | Found Juum Jogh's Distillery.
   154 | D:1      | Reached XP level 2. HP: 16/19 MP: 2/2
   799 | D:2      | Reached XP level 3. HP: 24/24 MP: 3/3
  1052 | D:1      | Bought a potion of heal wounds for 50 gold pieces
  1283 | D:2      | Reached XP level 4. HP: 16/29 MP: 4/4
  2127 | D:3      | Found a transporter.
  2146 | D:3      | Found a transporter.
  2150 | D:3      | Noticed losten's ghost (amateur DsGl)
  2266 | D:3      | Found a one-way gate to the infinite horrors of the Abyss.
  2311 | D:3      | Noticed an ancient zyme
  2519 | D:3      | Found an ancient bone altar of Kikubaaqudgha.
  2523 | D:3      | Reached XP level 5. HP: 34/34 MP: 5/5
  2531 | D:3      | Reached skill level 1 in Throwing
  2742 | D:4      | Found a runed translucent gate.
  2743 | D:4      | Found a runed translucent gate.
  2744 | D:4      | Found an opulent altar of Gozag.
  2744 | D:4      | Found a runed translucent gate.
  2800 | D:4      | Reached XP level 6. HP: 26/40 MP: 6/6
  2910 | D:4      | Noticed Howlingfantods's ghost (amateur MiFi)
  2910 | D:4      | Noticed a yak
  2910 | D:4      | Noticed an orc warrior
  2950 | D:4      | Mangled by an ogre

Illustrated notes

Levels and vault maps discovered:
D:1:      dpeg_arrival_court, layout_rooms, serial_shops, shop,
          item_on_display_a
D:2:      layout_basic
D:3:      layout_loops_ring, kennysheep_vampire_church,
          gammafunk_ghost_abyssal_escape, serial_glass, glass_columns_a,
          glass_columns_a, kennysheep_generic_room_5
D:4:      layout_cave_pools, overflow_temple_1_default,
          lemuel_temple_firewalk_b, ebering_ghost_gozag, hangedman_decor_points,
          grunt_ministairs_4, hangedman_abyss_or_decor_lesser_grid,
          chequers_serial_rivers_room_b, wad_floor_pattern_2

Skill      XL: |  1  2  3  4  5 |
---------------+----------------+-----
Fighting       | 4 |  4.8
Shields        | 4 |  4.8
Maces & Flails | 3 |  3.6
Throwing       | 1 |  1.4
Armour         | |  3.2

Action                   |  1- 3 |  4- 6 || total
-------------------------+-------+-------++-------
Melee: Flail             |    91 |       ||    91
       Mace              |       |   101 ||   101
Throw: Dart              |       |    21 ||    21
  Use: Scroll            |       |     1 ||     1
Armor: Scale mail        |    69 |    75 ||   144
Dodge: Dodged            |    38 |    43 ||    81
Block: Kite shield       |    65 |    71 ||   136

Table legend: (Time is in decaauts)
 A = Elapsed time spent in this place.
 B = Non-inter-level travel time spent in this place.
 C = Inter-level travel time spent in this place.
 D = Time resting spent in this place.
 E = Time spent auto-exploring this place.
 F = Levels seen in this place.
 G = Mean time per level.
                   A        B        C        D        E       F      G
               +--------+--------+--------+--------+--------+-----+--------+
         Total |   3045 |   2884 |    161 |    460 |   1880 |   4 |  761.2 |
       Dungeon |   3045 |   2884 |    161 |    460 |   1880 |   4 |  761.2 |
               +--------+--------+--------+--------+--------+-----+--------+

Top non-repeatable levels by time:
     D:2: 1050 daAuts
     D:3: 965 daAuts
     D:1: 783 daAuts
     D:4: 246 daAuts
